 Dungeon Crawl Stone Soup version 0.32-a0-361-g289a535e89 (webtiles) character file.

Game seed: 4250690779666285139

44 ytrimaz the Chopper (level 3, -3/28 HPs)
             Began as a Coglin Gladiator on Feb 18, 2024.
             Slain by an adder (4 damage)
             ... on level 2 of the Dungeon.
             The game lasted 00:00:45 (727 turns).

ytrimaz the Chopper (Coglin Gladiator)               Turns: 727, Time: 00:00:46

Health: -3/28      AC:  3    Str: 14    XL:     3   Next: 62%
Magic:  3/3        EV: 13    Int:  9    God:
Gold:   22         SH:  0    Dex: 15    Spells: 2/2 levels left

rFire   + . .        a - +0 war axe {Yuxuan}
rCold   + . .        (no shield)
rNeg    . . .        g - +0 robe {Will+}
rPois   +            c - +0 helmet
rElec   +            (no cloak)
rCorr   +            (no gloves)
SInv    .            (no boots)
Will    +....        (no amulet)
Stlth   +            (no ring)
HPRegen 0.24/turn    (no ring)
MPRegen 0.08/turn

%: no passive effects
@: mighty, lethally poisoned (-3 -> -5), resistant, revved, stiff-legged, very
slow
A: off-hand wielding, slow wielding, warmup strikes, warmup strides
a: no special abilities


You were on level 2 of the Dungeon.
You visited 1 branch of the dungeon, and saw 2 of its levels.

You collected 22 gold pieces.


Innate Abilities, Weirdness & Mutations

You can wield a second weapon in your off-hand.
It takes a long time for you to wield or remove held weapons.
Your first few attacks do less damage.
Your first movements take longer.


   Skills:
 + Level 2.7 Fighting
 + Level 3.5 Axes
 - Level 1.7 Throwing
 + Level 3.2 Dodging


You had 2 spell levels left.
You didn't know any spells.
Your spell library was empty.

Inventory:

Hand Weapons
 a - a +0 war axe (weapon) {Yuxuan}
Missiles
 d - 3 throwing nets (quivered)
 e - a javelin
Armour
 b - a +0 leather armour
 c - a +0 helmet (worn)
 g - a +0 robe of willpower (worn)
   (You found it on level 1 of the Dungeon)
Scrolls
 f - a scroll of poison {unknown}
 k - 2 scrolls of identify {unknown}
Potions
 j - a potion of brilliance {unknown}
 l - a potion of berserk rage {unknown}

Dungeon Overview and Level Annotations

Branches:
Dungeon (2/15) Zot: 11204

Altars:

............#
............#.###
............#.#..
............#.#.#
..####......#.#.# # #
#.#.#.......#.#.# .# ..
#(.......#..#$#.##.#.###
##<.##...#..#.#.#S...!..
................@.......
#........#.....$...$....
.†.#....................
........................
........................
........................
......##.##.............
......##.##.............
.......


You could see an adder.


Message History

A bat is nearby!
A frilled lizard comes into view.
You miss the bat.
The frilled lizard hisses angrily.
The bat misses you.
Unknown command.
You hit the bat. The bat hits you.
The bat hits you but does no damage. 😕 HP[-1]
You take 1 damage, and now have 27/28 hp.
Unknown command.
The bat hits you but does no damage. The bat hits you. 😕 HP[-1]
You take 1 damage, and now have 26/28 hp.
You slash the bat!
You kill the bat!
You hit the frilled lizard.
You kill the frilled lizard! 😕 HP[+1] Unknown command.
No target in view!
There is a stone staircase leading up here.
You see here 6 poisoned darts.
Found a stone staircase leading down. 😎 HP[+1]
Your hp is fully restored (28).
k - 2 scrolls labelled EDEWIA DUUJA (gained 1)
An endoplasm comes into view.
An endoplasm is nearby!
A goblin comes into view. It is wielding a +0 club.
The goblin shouts!
You hear an angry hiss.
A dart slug comes into view.
The endoplasm quivers.
The goblin hits you but does no damage.
The endoplasm hits you but does no damage.
You slash the goblin!
You kill the goblin!
You hit the endoplasm.
An adder comes into view.
The endoplasm misses you. The endoplasm freezes you.
You are frozen.
Unknown command. 😕 HP[-2]
You take 2 damage, and now have 26/28 hp.
You hit the endoplasm.
You kill the endoplasm!
The dart slug launches a dart at you. The slug dart hits you. 😮 HP[-6]
You take 6 damage, and now have 20/28 hp.
MASSIVE DAMAGE!! (PAUSE)
The dart slug launches a dart at you. The slug dart misses you.
Things that are here:
a +0 club; a goblin corpse You are too injured to fight recklessly! 😮 HP[+1]
You hit the dart slug. You closely miss the adder.
The adder closely misses you. The adder bites you.
You are poisoned.
The adder poisons you! The dart slug launches a dart at you.
The slug dart hits you. 😮 HP[-6]
You take 6 damage, and now have 15/28 hp.
MASSIVE DAMAGE!! (PAUSE)
You hit the adder. You hit the dart slug.
You feel very sick. The adder completely misses you.
The adder barely misses you.
The dart slug barely misses you. 😨 HP[-3]
You take 3 damage, and now have 12/28 hp.
You closely miss the adder. You hit the dart slug.
You feel sick. The adder bites you.
* * * LOW HITPOINT WARNING * * *
You are more poisoned.
The adder poisons you! The dart slug closely misses you. The adder bites you.
* * * LOW HITPOINT WARNING * * *
😨 HP[-4]
You take 4 damage, and now have 8/28 hp.
You hit the adder. You slash the dart slug!
You kill the dart slug!
* * * LOW HITPOINT WARNING * * *
You feel sick. The adder misses you. 😱 HP[-2]
You take 2 damage, and now have 6/28 hp.
Unknown command.
It was a potion of resistance.
You feel protected.
* * * LOW HITPOINT WARNING * * *
You feel sick. The adder bites you.
* * * LOW HITPOINT WARNING * * *
The adder closely misses you. 😱 HP[-4]
You take 4 damage, and now have 2/28 hp.
It was a potion of might.
You feel very mighty all of a sudden.
* * * LOW HITPOINT WARNING * * *
You feel sick. The adder bites you.
You die...

Skill      XL: |  1  2 |
---------------+-------+-----
Dodging        | 3 |  3.2
Fighting       | |  2.7
Axes           | |  3.5
Throwing       | |  1.7

Action                     || total
---------------------------++-------
  Melee: War axe           ||    54
    Use: Potion            ||     2
   Stab: Sleeping          ||     3
 Armour: Robe              ||    42
         Leather armour    ||     3
  Dodge: Dodged            ||    52

Levels and vault maps discovered:
D:1:      ncdulo_wetmaze, layout_loops_ring
D:2:      minmay_angry_zag, layout_basic, minmay_misc_feat_x

Notes
Turn   | Place    | Note
-------+----------+-------------------------------------------
     0 | D:1      | ytrimaz the Coglin Gladiator began the quest for the Orb.
     0 | D:1      | Reached XP level 1. HP: 16/16 MP: 1/1
     0 | D:1      | magus.rc [v1.9.6]
   117 | D:1      | Reached XP level 2. HP: 22/22 MP: 2/2
   247 | D:1      | Reached skill level 3 in Dodging
   387 | D:1      | Reached XP level 3. HP: 24/28 MP: 3/3
   725 | D:2      | HP: 6/28 [poisoned by an adder]
   726 | D:2      | HP: 2/28 [adder (2)]
   727 | D:2      | Slain by an adder

Vanquished Creatures
  A dart slug (D:2)
  A ball python (D:1)
  A bat (D:2)
  5 endoplasms
  3 hobgoblins (D:1)
  4 kobolds (D:1)
  4 frilled lizards
  4 goblins
  A rat (D:1)
24 creatures vanquished.

Table legend:
 A = Non-vault XP
 B = Vault XP
 C = Vault XP percentage of total XP
 D = Non-vault monster count
 E = Vault monster count
 F = Vault count percentage of total count
                 A         B        C        D         E       F
            +---------+---------+-------+---------+---------+-------
      Total |      64 |       0 |   0.0 |      24 |       0 |   0.0
            +---------+---------+-------+---------+---------+-------
        D:1 |      49 |       0 |   0.0 |      19 |       0 |   0.0
        D:2 |      15 |       0 |   0.0 |       5 |       0 |   0.0
            +---------+---------+-------+---------+---------+-------

Skill      XL: |  1  2 |
---------------+-------+-----
Dodging        | 3 |  3.2
Fighting       | |  2.7
Axes           | |  3.5
Throwing       | |  1.7

Action                     || total
---------------------------++-------
  Melee: War axe           ||    54
    Use: Potion            ||     2
   Stab: Sleeping          ||     3
 Armour: Robe              ||    42
         Leather armour    ||     3
  Dodge: Dodged            ||    52

Illustrated notes

Table legend:
 A = Kills in this place as a percentage of kills in the entire game.
 B = Kills by you in this place as a percentage of kills by you in the entire game.
 C = Kills by friends in this place as a percentage of kills by friends in the entire game.
 D = Other kills in this place as a percentage of other kills in the entire game.
 E = Experience gained in this place as a percentage of experience gained in the entire game.
 F = Experience gained in this place divided by the number of levels of this place that you have seen.
                   A       B       C       D       E      F
               +-------+-------+-------+-------+-------+----------------------
         Total | 100.0 | 100.0 |   N/A |   N/A | 100.0 |  32.0
       Dungeon | 100.0 | 100.0 |   N/A |   N/A | 100.0 |  32.0
               +-------+-------+-------+-------+-------+----------------------

Table legend: (Time is in decaauts)
 A = Elapsed time spent in this place.
 B = Non-inter-level travel time spent in this place.
 C = Inter-level travel time spent in this place.
 D = Time resting spent in this place.
 E = Time spent auto-exploring this place.
 F = Levels seen in this place.
 G = Mean time per level.
                   A        B        C        D        E       F      G
               +--------+--------+--------+--------+--------+-----+--------+
         Total |    794 |    769 |     25 |      0 |    559 |   2 |  397.0 |
       Dungeon |    794 |    769 |     25 |      0 |    559 |   2 |  397.0 |
               +--------+--------+--------+--------+--------+-----+--------+

Top non-repeatable levels by time:
     D:1: 746 daAuts
     D:2: 47 daAuts
